Get step-by-step instructions on how to execute this build order below. Start the game timer, and the build order will tick by so you can play in parallel with StarCraft on a second screen or mobile device.

Game Time

  0:00

Last Step

  N/A

Next Step

Upcoming Step



Don't want to look back and forth between 2 screens? Try out our Overwolf App, the Spawning Tool Build Advisor to get an in-game overlay with this build!

Complete Build Order

  12  0:00  Drone  
  13  0:12  Overlord  
  13  0:17  Drone  
  14  0:30  Drone x2  
  16  0:47  Hatchery  
  15  0:51  Drone  
  15  0:54  Drone  
  17  0:57  Drone  
  18  1:08  Extractor  
  17  1:13  Spawning Pool  
  17  1:15  Drone  
  17  1:19  Drone  
  18  1:28  Drone  
  19  1:38  Drone  
  20  1:49  Drone  
  21  1:59  Queen x2  
  21  2:00  Zergling x4  
  27  2:09  Drone  
  27  2:10  Overlord  
  27  2:11  Metabolic Boost  
  28  2:27  Hatchery  
  27  2:30  Drone  
  27  2:31  Drone  
  27  2:36  Spore Crawler  
  28  2:39  Spore Crawler  
  27  2:45  Drone x2  
  27  2:48  Queen  
  33  2:51  Overlord  
  33  2:55  Drone x2  
  33  2:58  Drone  
  36  3:04  Overlord  
  36  3:11  Drone  
  37  3:13  Drone x3  
  37  3:15  Queen  
  42  3:24  Queen  
  44  3:28  Drone x2  
  44  3:29  Zergling x4  
  48  3:36  Drone  
  48  3:37  Overlord  
  48  3:40  Drone  
  48  3:41  Queen  
  50  3:45  Drone x2  
  50  3:47  Drone  
  55  3:49  Drone x2  
  55  3:55  Queen  
  59  3:56  Drone  
  59  3:58  Overlord  
  60  4:06  Drone x4  
  64  4:12  Overlord  
  64  4:13  Drone x2  
  66  4:18  Overlord x2  
  66  4:23  Queen  
  68  4:25  Drone x3  
  68  4:30  Lair  
  70  4:32  Queen  
  70  4:34  Drone  
  73  4:39  Drone x4  
  73  4:42  Baneling Nest  
  76  4:48  Drone x7  
  76  4:51  Extractor  
  82  4:54  Overlord  
  82  5:02  Zergling x10  
  82  5:06  Extractor  
  86  5:07  Overlord  
  86  5:11  Zergling x6  
  89  5:19  Drone  
  90  5:22  Overlord  
  90  5:25  Drone x4  
  90  5:27  Centrifugal Hooks  
  94  5:29  Evolution Chamber  
  94  5:30  Extractor x2  
  94  5:31  Drone x3  
  94  5:33  Drone  
  95  5:35  Hatchery  
  95  5:42  Spore Crawler  
  90  5:43  Spore Crawler x2  
  90  5:44  Overseer  
  90  5:45  Overlord  
  90  5:47  Drone x9  
  93  5:52  Spore Crawler  
  93  5:56  Drone x3  
  94  6:00  Drone  
  94  6:02  Zerg Ground Armor Level 1  
  92  6:07  Drone x2  
  92  6:15  Drone  
  93  6:22  Overlord  
  93  6:23  Overlord  
  93  6:25  Drone x3  
  96  6:26  Drone, Hydralisk Den  
  96  6:28  Drone x4  
  100  6:35  Zergling x6  
  104  6:40  Zergling x2, Hatchery  
  104  6:41  Zergling x4  
  105  6:49  Zergling x4  
  106  6:56  Zergling x2  
  106  6:57  Zergling x20  
  106  6:59  Grooved Spines  
  114  7:08  Hydralisk x4  
  103  7:13  Spore Crawler  
  103  7:15  Overlord  
  109  7:18  Hydralisk x3  
  116  7:28  Baneling x12  
  116  7:29  Zergling x10  
  121  7:36  Zergling x12  
  123  7:55  Drone x2  
  123  7:57  Zergling x26  
  132  8:02  Zerg Ground Armor Level 2  
  131  8:10  Hatchery  
  130  8:14  Hydralisk x2  
  130  8:15  Hydralisk x2  
  130  8:17  Drone  
  130  8:18  Muscular Augments, Evolution Chamber  
  138  8:22  Baneling x7  
  138  8:23  Drone  
  139  8:27  Hydralisk x3  
  139  8:34  Zergling x6  
  145  8:48  Zergling x16  
  139  8:51  Zergling x6  
  139  8:54  Hatchery  
  141  8:57  Zergling x2  
  141  8:58  Zergling x2  
  141  9:02  Zerg Missile Weapons Level 1, Hydralisk  
  144  9:08  Extractor  
  144  9:09  Hydralisk  
  140  9:10  Hydralisk, Infestation Pit  
  140  9:12  Hatchery  
  140  9:15  Hydralisk  
  144  9:18  Baneling x13  
  144  9:20  Overlord  
  144  9:25  Overlord  
  144  9:37  Burrow  
  144  9:38  Zergling x22  
  153  9:48  Zergling x2  
  153  9:49  Zergling x6  
  155  9:53  Hive  
  155  9:57  Zergling x4  
  149  10:02  Zergling x6  
  152  10:08  Baneling x8  
  152  10:09  Hydralisk x4  
  158  10:15  Hydralisk  
  158  10:16  Hydralisk  
  162  10:21  Overlord x3  
  162  10:25  Zerg Melee Weapons Level 1  
  162  10:28  Drone x3  
  162  10:31  Baneling x5  
  162  10:33  Overseer  
  165  10:37  Lurker Den  
  165  10:38  Drone  
  165  10:39  Drone x2  
  162  10:51  Zergling x18  
  166  11:00  Zergling x4, Swarm Host  
  166  11:01  Zergling x8  
  174  11:09  Zergling x14  
  163  11:13  Zergling x2  
  163  11:14  Zergling x4  
  163  11:20  Zergling x6  
  166  11:28  Baneling x14  
  166  11:30  Adrenal Glands, Viper  
  166  11:32  Viper  
  172  11:40  Hydralisk x3  
  178  11:50  Baneling x9  
  178  11:59  Seismic Spines  
  178  12:03  Hatchery  
  177  12:12  Zergling x12  
  182  12:27  Overlord x4  
  182  12:31  Zerg Ground Armor Level 3  
  182  12:32  Zerg Missile Weapons Level 2  
  151  12:54  Zergling x26  
  151  12:56  Adaptive Talons  
  143  13:07  Lurker x4  
  143  13:08  Lurker  
  143  13:12  Zergling x14  
  154  13:13  Zergling x4  
  156  13:27  Viper x2  
  162  13:37  Baneling x13  
  162  13:41  Zergling x12, Hatchery  
  168  13:43  Extractor  
  168  13:44  Extractor, Drone x2  
  168  13:45  Drone  
  168  13:53  Lurker x2  
  170  13:58  Lurker  
  170  14:06  Zergling x18  
  179  14:16  Zergling x6  
  180  14:38  Lurker x3  
  176  14:40  Zergling x24  
  188  14:47  Hydralisk  
  188  14:48  Hydralisk x2  
  194  14:58  Zergling x22  
  170  15:09  Zergling x10  
  151  15:18  Hydralisk x5  
  151  15:19  Hydralisk x4  
  153  15:26  Hydralisk  
  153  15:27  Hydralisk x3  
  151  15:32  Hydralisk  
  153  15:37  Lurker  
  153  15:38  Viper x2, Lurker x3  
  163  15:44  Hydralisk x4  
  165  15:50  Hydralisk x3  
  165  15:56  Zergling x4  
  158  16:04  Lurker x8  
  158  16:07  Drone x2  
  168  16:12  Drone x3  
  171  16:20  Drone x5  
  176  16:28  Drone x3  
  179  16:46  Zergling x24  
  184  16:52  Baneling x10  
  184  17:01  Hydralisk x4  
  180  17:16  Zergling x14  
  180  17:17  Zergling x4